 Dungeon Crawl Stone Soup version 0.29.1-2-gbd0b4ee654 (webtiles) character file.

Game seed: 7220223299940161791

32 zeram the Sneak (level 3, -1/21 HPs)
             Began as an Octopode Enchanter on Nov 8, 2022.
             Slain by Terence
             ... wielding a +0 morningstar
              (10 damage)
             ... on level 3 of the Dungeon.
             The game lasted 00:01:41 (1687 turns).

zeram the Sneak (Octopode Enchanter)                Turns: 1687, Time: 00:01:41

Health: -1/21      AC:  1    Str:  7    XL:     3   Next: 27%
Magic:  4/6        EV: 13    Int: 19    God:
Gold:   135        SH:  0    Dex: 12    Spells: 1/6 levels left

rFire   . . .      SeeInvis .   a - +1 dagger
rCold   . . .      Faith    .   (no shield)
rNeg    . . .      Spirit   .   (helmet restricted)
rPois   .          Reflect  .   e - amulet of magic regeneration
rElec   .          Harm     .   (no ring)
rCorr   .          Rampage  .   (no ring)
Will    .....                   (no ring)
Stlth   ++++......              (no ring)
HPRegen 0.07/turn               (no ring)
MPRegen 0.50/turn               (no ring)
                                (no ring)
                                (no ring)

@: no status effects
A: almost no armour, amphibious, 8 rings, camouflage 1, gelatinous body 1,
(nimble swimmer 1), tentacles
a: no special abilities


You were on level 3 of the Dungeon.
You visited 1 branch of the dungeon, and saw 3 of its levels.

You collected 135 gold pieces.

Inventory:

Hand Weapons
 a - a +1 dagger (weapon)
Jewellery
 e - an amulet of magic regeneration (around mantle)
 l - an amulet of faith
Scrolls
 f - 3 scrolls of identify {unknown}
 g - a scroll of poison {unknown}
 j - a scroll of blinking {unknown}
Potions
 b - 2 potions of invisibility
 c - a potion of flight {unknown}
 d - a potion of curing {unknown}
 h - 2 potions of brilliance {unknown}
 i - a potion of degeneration {unknown}
 k - a potion of heal wounds {unknown}


   Skills:
 + Level 1.1 Short Blades
 + Level 2.0 Dodging
 + Level 4.9 Stealth
 + Level 2.2 Spellcasting
 + Level 3.5 Hexes


You had one spell level left.
You knew the following spells:

 Your Spells              Type           Power      Damage    Failure   Level
a - Ensorcelled Hibernat  Hex/Ice        16%        N/A       12%         2
b - Tukima's Dance        Hex            15%        N/A       12%         3

Your spell library contained the following spells:

 Spells                   Type           Power      Damage    Failure   Level
 Magic Dart               Conj           8%         1d3       17%         1
 Confusing Touch          Hex            15%        N/A       12%         3
 Dazzling Flash           Conj/Hex       16%        N/A       24%         3
 Call Imp                 Summ           2%         N/A       26%         2
 Mephitic Cloud           Conj/Pois/Air  2%         N/A       45%         3


Dungeon Overview and Level Annotations

Branches:
Dungeon (3/15)

Altars:

Annotations:
D:3 Terence


Innate Abilities, Weirdness & Mutations

You cannot wear most types of armour.
You are amphibious.
You can wear up to eight rings at the same time.
Your skin changes colour to match your surroundings (Stealth+).
Your rubbery body absorbs attacks. (AC +1, EV +1)
((You are camouflaged when in or above water. (Stealth+)))
You have tentacles for arms and can constrict up to eight enemies at once.


Message History

(D) Dungeon
Where to? (Enter - D:2, ? - help)
You see here a bat corpse.
You see here a bat corpse.
There is a stone staircase leading down here.
You climb downwards.
There is a stone staircase leading up here.
l - an amulet of faith You now have 135 gold pieces (gained 3).
Found a dagger.
Found 2 poisoned darts.
f - 2 scrolls labelled DUXUSM BOLAX (gained 1)
You open the door.
Found 4 poisoned darts.
There is an open door here.
f - 3 scrolls labelled DUXUSM BOLAX (gained 1)
You open the door.
There is an open door here.
There is an open door here.
You open the door.
There is an open door here.
Terence the Incautious comes into view.
He is wielding a +0 morningstar.
Terence is nearby!
Terence is nearby!
Terence is nearby!
Terence is nearby!
You barely miss Terence. Your grab misses Terence. Your squeeze misses Terence.
Terence hits you with a +0 morningstar!
Ouch! That really hurt!
Casting: Ensorcelled Hibernation (safe; 12% risk of failure)
Confirm with . or Enter, or press ? or * to list all spells.
The spell is extremely dangerous to miscast (12% risk of failure)!
Continue anyway?
Okay, then.
Casting: Tukima's Dance (extremely dangerous; 12% risk of failure)
Confirm with . or Enter, or press ? or * to list all spells.
Aiming: Ensorcelled Hibernation (safe; 12% risk of failure)
Press: ? - help, Shift-Dir - straight line, f - Terence
Aim: Terence, wielding a +0 morningstar and wearing a +0 scale mail (chance to affect: 50%) Terence resists with some effort.
Terence hits you with a +0 morningstar!
You die...

####### ##########
......### #..@@....#
#.##.....
#.######.#######
#.##..### #####........
#.##..### #
#............ #.......#
.## #.###..###.#.
####..#.##.##.##.###..#
..
####.......##.........#
...........#####.####.#
####.##.##.# #.# .#


You could see Terence.

Vanquished Creatures
  An adder (D:2)
  2 ball pythons (D:2)
  4 endoplasms
  2 giant cockroaches
  A goblin (D:2)
  A hobgoblin (D:2)
  4 bats
  A frilled lizard (D:1)
  4 kobolds
  A rat (D:1)
21 creatures vanquished.

Notes
Turn   | Place    | Note
-------+----------+-------------------------------------------
     0 | D:1      | zeram the Octopode Enchanter began the quest for the Orb.
     0 | D:1      | Reached XP level 1. HP: 11/11 MP: 3/3
   507 | D:1      | Reached XP level 2. HP: 12/17 MP: 5/5
   510 | D:1      | Learned a level 2 spell: Ensorcelled Hibernation
   615 | D:1      | Found a faded altar of an unknown god.
   995 | D:2      | Reached XP level 3. HP: 16/21 MP: 6/6
  1265 | D:2      | Learned a level 3 spell: Tukima's Dance
  1681 | D:3      | Noticed Terence
  1687 | D:3      | Slain by Terence

Illustrated notes

Levels and vault maps discovered:
D:1:      dpeg_arrival_arbitrary_b, layout_basic,
          shapermc_ecumenical_altar_mp_vishouse
D:2:      layout_rooms, lemuel_flame_loot_1
D:3:      layout_loops_corners, mainiacjoe_overflow_boulevard, uniq_sigmund,
          uniq_crazy_yiuf_cottage, uniq_terence

Action                   || total
-------------------------++-------
Melee: Dagger            ||    32
       Tentacles         ||     4
       Constrict         ||     2
       Punch             ||     1
 Cast: Ensorcelled Hiber ||     3
 Stab: Sleeping          ||    13
       Distracted        ||     1
Armor: Skin              ||     3
Dodge: Dodged            ||    16
